 Dungeon Crawl Stone Soup version 0.29-a0-100-g60f898f876 (webtiles) character file.

Game seed: 2514726780272121979

1603707 aMcNicky the Merfolkian Porcupine (level 27, 228/228 HPs)
             Began as a Merfolk Gladiator on Feb 13, 2022.
             Was an Initiate of Gozag.
             Escaped with the Orb
             ... and 3 runes on Feb 14, 2022!
             The game lasted 05:06:28 (76478 turns).

aMcNicky the Merfolkian Porcupine (MfGl)           Turns: 76478, Time: 05:06:29

Health: 228/228    AC: 26    Str: 21    XL:     27
Magic:  39/41      EV: 29    Int: 17    God:    Gozag
Gold:   859        SH:  0    Dex: 21    Spells: 23/43 levels left

rFire   . . .      SeeInvis .   a - +6 Majin-Bo {vamp, MP+6 Int+6}
rCold   + + +      Faith    .   (shield currently unavailable)
rNeg    + . .      Spirit   .   W - +0 ice dragon scales
rPois   +          Reflect  .   (helmet restricted)
rElec   .          Harm     .   h - +1 cloak of Starlight {*Dazzle EV+4 Stlth--}
rCorr   +          Rampage  .   N - +2 pair of gloves
Will    +++++      Clarity  +   L - +0 pair of boots "Soapp" {Regen+}
Stlth   ..........              c - amulet of the Four Winds {rN+ Will+++ Clar}
HPRegen 1.28/turn               S - +4 ring of protection
MPRegen 0.27/turn               g - ring of Funefusm {rPois rF+ rC+ rCorr Stlth-}

@: no status effects
A: (nimble swimmer 2), mertail, horns 1, agile 2, berserk 1, deterioration 1,
dopey 1, screaming 1
0: Orb of Zot
}: 3/15 runes: barnacled, abyssal, gossamer
a: Renounce Religion, Potion Petition, Call Merchant, Bribe Branch


You escaped.
You worshipped Gozag.
Gozag was pleased with you.
You visited 10 branches of the dungeon, and saw 48 of its levels.
You visited the Abyss 3 times.
You also visited: Ice Cave.

You collected 23519 gold pieces.
You spent 11103 gold pieces at shops.
You paid 11557 gold pieces to Gozag.

Inventory:

Hand Weapons
 a - the +6 Majin-Bo (weapon) {vamp, MP+6 Int+6}
   (You bought it in a shop on level 4 of the Vaults)

   It occasionally heals its wielder for a portion of the damage dealt when they
   wound a living foe with it or with a spell.
   Its wielder's spells cost health as well as magical power.
   Int:       It affects your intelligence (+6).
   MP:        It affects your magic capacity (+6).
 b - a +7 glaive of flaming
 G - a +2 bardiche of flaming
Missiles
 k - 80 poisoned darts (quivered)
 Z - 6 throwing nets
Armour
 h - the +1 cloak of Starlight (worn) {*Dazzle EV+4 Stlth--}
   (You bought it in a shop on level 3 of the Depths)

   It may blind those who miss an attack against the wearer in melee combat.
   EV:        It affects your evasion (+4).
   Stlth:     It makes you much less stealthy.
 o - the +0 helmet of Fortitude {Dex+3}
   (You bought it in a shop on level 2 of the Orcish Mines)

   Dex:       It affects your dexterity (+3).
 L - the +0 pair of boots "Soapp" (worn) {Regen+}
   (You bought it in a shop on level 2 of the Orcish Mines)

   Regen:     It increases your rate of health regeneration.
 N - a +2 pair of gloves (worn)
 W - +0 ice dragon scales (worn)
Jewellery
 c - the amulet of the Four Winds (around neck) {rN+ Will+++ Clar}
   (You bought it in a shop on level 7 of the Dungeon)

   [amulet of nothing]

   rN:        It protects you from negative energy.
   Clar:      It protects you against confusion.
   Will:      It greatly increases your willpower.
 f - a ring of protection from fire
 g - the ring of Funefusm (right hand) {rPois rF+ rC+ rCorr Stlth-}
   (You bought it in a shop on level 2 of the Orcish Mines)

   [ring of protection from fire]

   rF:        It protects you from fire.
   rC:        It protects you from cold.
   rPois:     It protects you from poison.
   rCorr:     It protects you from acid and corrosion.
   Stlth:     It makes you less stealthy.
 F - the ring of Dais Lun {rF+ rC- Will+ Int+3}
   (You bought it in a shop on level 10 of the Dungeon)

   [ring of protection from fire]

   Int:       It affects your intelligence (+3).
   rF:        It protects you from fire.
   rC:        It makes you vulnerable to cold.
   Will:      It increases your willpower.
 S - a +4 ring of protection (left hand)
Wands
 y - a wand of polymorph (10)
 A - a wand of acid (20)
 D - a wand of digging (12)
 I - a wand of iceblast (31)
 P - a wand of paralysis (18)
Scrolls
 e - 7 scrolls of vulnerability
 n - 4 scrolls of immolation
 r - 2 scrolls of enchant armour
 t - 8 scrolls of fear
 u - 4 scrolls of holy word
 x - a scroll of silence {!r}
 B - a scroll of blinking
 E - a scroll of torment
 M - 2 scrolls of magic mapping
 R - a scroll of summoning
 T - 15 scrolls of teleportation
 V - 4 scrolls of fog
Potions
 d - 7 potions of brilliance
 i - 3 potions of heal wounds
 j - 5 potions of might
 l - 4 potions of magic
 m - 6 potions of attraction
 p - 6 potions of ambrosia
 q - 3 potions of cancellation
 s - 7 potions of mutation
 v - 7 potions of lignification
 z - 6 potions of berserk rage
 C - 7 potions of invisibility
 H - a potion of haste
 J - 2 potions of resistance
 Q - 8 potions of curing
Miscellaneous
 w - a lightning rod (4/4)
 K - a phantom mirror
 O - a condenser vane
 U - a phial of floods
 X - a box of beasts
 Y - a tin of tremorstones (2/2)


   Skills:
 * Level 21.2 Fighting
 O Level 27 Polearms
 - Level 8.0(8.1) Slings
 - Level 2.0(6.3) Throwing
 + Level 13.2 Armour
 + Level 22.7 Dodging
 - Level 8.7 Spellcasting
 - Level 6.5 Conjurations
 - Level 2.0 Translocations
 * Level 21.5 Ice Magic
 - Level 5.0 Air Magic
 + Level 10.4 Evocations


You had 23 spell levels left.
You knew the following spells:

 Your Spells              Type           Power      Damage    Failure   Level
a - Frozen Ramparts       Ice            100%       1d12      0%          3
b - Hailstorm             Conj/Ice       53%        3d12      1%          4
f - Freezing Cloud        Conj/Ice/Air   22%        6-21      7%          5
g - Apportation           Tloc           28%        N/A       11%         1
h - Ozocubu's Refrigerat  Ice            34%        4d11      3%          7

Your spell library contained the following spells:

 Spells                   Type           Power      Damage    Failure   Level
 Freeze                   Ice            100%       1d11      0%          1
 Ozocubu's Armour         Ice            69%        N/A       0%          3
 Magic Dart               Conj           100%       1d8       1%          1
 Ice Form                 Ice/Tmut       43%        N/A       2%          4
 Summon Ice Beast         Ice/Summ       43%        N/A       2%          4
 Static Discharge         Conj/Air       27%        N/A       3%          2
 Foxfire                  Conj/Fire      72%        2x1d7     6%          1
 Mephitic Cloud           Conj/Pois/Air  20%        N/A       14%         3
 Conjure Flame            Conj/Fire      18%        6-21      19%         3
 Dazzling Flash           Conj/Hex       36%        N/A       19%         3
 Animate Skeleton         Necr           14%        N/A       24%         1
 Beastly Appendage        Tmut           14%        N/A       24%         1
 Pain                     Necr           28%        1d5       24%         1
 Slow                     Hex            28%        N/A       24%         1
 Summon Small Mammal      Summ           28%        N/A       24%         1
 Call Imp                 Summ           7%         N/A       34%         2
 Wereblood                Tmut           7%         N/A       34%         2
 Iskenderun's Battlesphe  Conj           29%        2d8       41%         5
 Simulacrum               Ice/Necr       21%        N/A       41%         6
 Portal Projectile        Hex/Tloc       20%        N/A       43%         3
 Flame Wave               Conj/Fire      18%        2d6       52%         4
 Sticky Flame             Conj/Fire      18%        2d4       52%         4
 Confusing Touch          Hex            7%         N/A       56%         3
 Ignite Poison            Fire/Tmut/Pois 7%         N/A       56%         3
 Inner Flame              Hex/Fire       7%         N/A       56%         3
 Spider Form              Tmut/Pois      7%         N/A       56%         3
 Summon Guardian Golem    Hex/Summ       7%         N/A       56%         3
 Tukima's Dance           Hex            7%         N/A       56%         3
 Vampiric Draining        Necr           7%         2d6       56%         3
 Passage of Golubria      Tloc           14%        N/A       71%         4
 Fireball                 Conj/Fire      9%         3d6       86%         5
 Animate Dead             Necr           3%         N/A       93%         4
 Cause Fear               Hex            3%         N/A       93%         4
 Dispel Undead            Necr           7%         3d8       93%         4
 Silence                  Hex/Air        7%         N/A       93%         5
 Conjure Ball Lightning   Conj/Air       13%        3x3d6     98%         6
 Polar Vortex             Ice            34%        N/A       98%         9
 Agony                    Necr           7%         N/A       100%        5
 Alistair's Intoxication  Tmut/Pois      4%         N/A       100%        5
 Blade Hands              Tmut           3%         N/A       100%        5
 Borgnjor's Vile Clutch   Necr/Erth      3%         N/A       100%        5
 Excruciating Wounds      Necr           3%         N/A       100%        5
 Summon Mana Viper        Hex/Summ       7%         N/A       100%        5
 Yara's Violent Unravell  Hex/Tmut       3%         3d4       100%        5
 Death Channel            Necr           3%         N/A       100%        6
 Iron Shot                Conj/Erth      9%         9d3       100%        6
 Starburst                Conj/Fire      9%         6d5       100%        6
 Dragon Form              Tmut           3%         N/A       100%        7
 Enfeeble                 Hex            3%         N/A       100%        7
 Monstrous Menagerie      Summ           3%         N/A       100%        7
 Orb of Destruction       Conj           14%        9d7       100%        7
 Spellforged Servitor     Conj/Summ      9%         N/A       100%        7
 Discord                  Hex            3%         N/A       100%        8
 Disjunction              Tloc           7%         N/A       100%        8
 Ignition                 Fire           3%         3d4       100%        8
 Lehudib's Crystal Spear  Conj/Erth      9%         10d4      100%        8
 Dragon's Call            Summ           3%         N/A       100%        9


Dungeon Overview and Level Annotations

Branches:
Dungeon (15/15)            Temple (1/1) D:5            Lair (6/6) D:8
 Shoals (4/4) Lair:3       Spider (4/4) Lair:2        Slime (0/5) Lair:6
    Orc (2/2) D:9             Elf (3/3) Orc:2        Vaults (4/5) D:14
  Crypt (0/3) Vaults:3     Depths (4/4) D:15            Zot (5/5) Depths:4
  IceCv (visited)

Altars:
Ashenzari
Cheibriados
Dithmenos
Elyvilon
Fedhas
Gozag
Hepliaklqana
Kikubaaqudgha
Makhleb
Nemelex Xobeh
Okawaru
Qazlal
Ru
Sif Muna
Trog
Uskayaw
Vehumet
Wu Jian
Xom
Yredelemnul
Zin
The Shining One
Jiyva

Shops:
D:7 *   D:8 *   D:9 [!   D:10 (==   D:11 :   D:15 !   Orc:2 ([*=[:   Elf:1 [=(*
Elf:2 [   Shoals:1 =(*?(   Shoals:3 ?   Spider:4 *   Vaults:1 :   Vaults:2 ?
Vaults:4 (   Zot:4 *   Depths:3 [[?=

Portals:
Hell: Depths:1 Depths:2 Depths:3 Depths:4
Abyss: Depths:3
Pandemonium: Depths:2 Depths:3
Ziggurat: Depths:1

Annotations:
D:1 exclusion: downstairs
D:3 2 transporters, ma3's ghost, amateur GrCK
D:10 2 runed translucent doors, anonymous's ghost, journeyman NaGl
Lair:6 1 runed translucent door
Spider:3 Roxanne
Elf:2 3 runed translucent doors
Depths:2 exclusion: downstairs
Zot:5 1 runed translucent door, exclusions: 2 upstairs and 1 more exclusion, cheburek's ghost, veteran MiFi


Innate Abilities, Weirdness & Mutations

((You are very nimble when in or above water. (Stealth+, EV+, Speed+++)))
Your lower body shifts to a powerful aquatic tail in water.
You have a pair of small horns on your head.
You are very agile. (Dex +4)
You tend to lose your temper in combat.
Your body sometimes deteriorates upon taking damage.
You are dopey. (Int -2)
You occasionally shout uncontrollably at your foes.


Message History

A cherub comes into view.
It is wielding a +0 long sword of flaming.
The cherub unwields a +0 long sword of flaming.
It stops flaming.
The cherub wields a +0 longbow.
The cherub shoots an arrow.
The arrow closely misses you.
You slice the cherub!! You burn the cherub.
You headbutt the cherub, but do no damage.
The cherub is heavily wounded.
The cherub unwields a +0 longbow.
The cherub wields a +0 long sword of flaming.
It bursts into flame!
The cherub misses you.
The cherub bites you but does no damage.
You hit the cherub.
You headbutt the cherub, but do no damage.
The cherub is heavily wounded.
The cherub hits you but does no damage. The cherub closely misses you.
You miss the cherub.
The cherub is heavily wounded.
You miss the cherub. Your headbutt misses the cherub.
The cherub is heavily wounded.
The cherub closely misses you. The cherub barely misses you.
You slice the cherub!! You burn the cherub.
You headbutt the cherub, but do no damage.
The cherub is severely wounded.
The cherub misses you. The cherub closely misses you.
You miss the cherub.
The cherub is severely wounded.
You slice the cherub!! You burn the cherub.
You kill the cherub!
No target in view!
A sixfirhy comes into view.
You yell at the sixfirhy!
The sixfirhy is distracted by your dazzling golden aura.
A seraph comes into view.
It is wielding a +3 great sword of flaming.
The seraph moves out of view.
There is a stone staircase leading up here.
The seraph gestures.
You climb upwards.
Level annotation: exclusion: downstairs
There is a stone staircase leading down here.
You see here a +0 dagger.
There is a fountain of clear blue water here.
There is an open door here.
There is a staircase leading out of the dungeon here.
Your +7 glaive of flaming stops flaming.
You feel a darkness envelop your magic.
a - the +6 Majin-Bo (weapon)
{vamp, MP+6 Int+6} You start resting.
A Dokohet and a Tzitzimitl come into view.
The Tzitzimitl roars!
You have escaped!

.....###....####.# #.............
....†#.)...#####.###.###.........
.........####.......># ##........
.....##### ##.&.....## #........
.÷...# #.....1...# #########
....## #.........# .....#
#..⌠...⌠..# .....# #...###..##
.....# #...#@#..# .....#
#...#'#..# .....# #..⌠...⌠.#
....## #........# ...##
#.##...### #### #.###.## #.##..#
#.##.## #.#..#


You could see Dokohet and a Tzitzimitl.

Vanquished Creatures
  3 orbs of fire (Zot:5)
  3 ancient liches (Zot:5)
  Mara (D:15)
  2 Killer Klowns (Zot:5)
  Saint Roka (Vaults:3)
  A bone dragon (Abyss:1)
  8 golden dragons
  Arachne (Spider:2)
  2 electric golems
  An Ice Fiend (D:12)
  8 tentacled monstrosities
  A walking crystal tome (Depths:4)
  7 liches
  Jorgrun (Orc:2)
  6 quicksilver dragons
  2 walking earthen tomes (Depths:3)
  19 Orb Guardians
  2 deep elf master archers (Elf:3)
  2 deep elf blademasters (Elf:3)
  An Executioner (D:7)
  A titan (Shoals:4)
  Gastronok (D:11)
  An ancient champion (Vaults:3)
  Frances (Spider:2)
  Polyphemus (Shoals:3)
  5 tentacled starspawn
  Agnes (Spider:2)
  7 death cobs
  A sphinx (Vaults:2)
  4 draconian monks
  Kirke (Lair:5)
  4 storm dragons
  2 tengu reavers
  5 shadow dragons
  9 fire giants
  5 frost giants
  3 draconian knights
  A caustic shrike zombie (Depths:3)
  2 orc warlords
  A balrug (Depths:1)
  An emperor scorpion (Spider:4)
  2 cacodemons
  12 vault wardens
  5 draconian scorchers
  9 ghost moths
  7 deep elf elementalists
  5 deep elf sorcerers
  3 draconian shifters
  12 ironbound preservers
  2 demonspawn corrupters (D:9)
  A ghoul (Vaults:3)
  3 draconian stormcallers
  2 spriggan defenders (Depths:3)
  24 very ugly things
  A draconian annihilator (Zot:1)
  3 war gargoyles
  6 ironbound thunderhulks
  2 broodmothers (Spider:4)
  A juggernaut skeleton (Depths:3)
  8 stone giants
  Nessos (D:15)
  A vampire knight (Depths:1)
  A lorocyproca (Abyss:1)
  6 green draconians
  Azrael (Orc:2)
  5 black draconians
  8 purple draconians
  4 red draconians
  6 deep elf demonologists (Elf:3)
  6 deep elf annihilators (Elf:3)
  6 entropy weavers
  9 spark wasps
  13 dire elephants
  7 white draconians
  9 yellow draconians
  5 ettins
  A green death (D:12)
  2 blizzard demons
  9 fire dragons
  Josephine (D:11)
  7 deep elf death magi (Elf:3)
  11 merfolk impalers
  6 merfolk javelineers
  2 crystal guardians
  3 deep elf high priests
  11 yaktaur captains
  4 rakshasas
  Erolcha (Orc:2)
  8 great orbs of eyes
  10 hydras
  5 ice dragons
  3 ogre magi
  2 vault guards
  9 boulder beetles
  4 peacekeepers
  4 radroaches
  2 spriggan air magi
  2 catoblepae
  9 centaur warriors
  4 ironbound frosthearts
  A satyr (Shoals:4)
  A merfolk avatar (Shoals:4)
  A jorogumo (Spider:2)
  6 merfolk aquamancers (Shoals:4)
  An alligator (shapeshifter) (Depths:4)
  2 death knights
  7 two-headed ogres
  12 death yaks
  4 deep troll earth magi
  9 deep troll shamans
  2 vampire magi
  A spriggan berserker (Depths:2)
  7 tengu warriors
  6 thrashing horrors
  A sun demon (Depths:1)
  5 orc high priests
  A soul eater (D:12)
  2 skeletal warriors
  2 wretched stars
  A fire crab (Lair:2)
  10 deep elf knights
  A sixfirhy (Abyss:1)
  2 iron trolls
  7 pharaoh ants
  2 spatial maelstroms
  2 sun moths
  11 sea snakes
  55 deep trolls
  2 shadow demons
  A cherub (D:2)
  2 steelbarb worms
  13 deep elf archers
  3 glowing orange brains
  3 orb spiders
  9 ironbound convokers
  9 lindwurms
  3 necromancers
  A harpy (Vaults:3)
  30 deep elf zephyrmancers
  3 phantasmal warriors
  An iron dragon zombie (Depths:3)
  11 wizards
  54 ugly things
  10 orc knights
  30 deep elf pyromancers
  13 wolf spiders
  An oklob plant (Lair:6)
  A sphinx zombie (Depths:3)
  8 cyclopes
  10 manticores
  4 orc sorcerers (Orc:2)
  19 fauns
  10 moths of wrath
  15 elephants
  A stone giant skeleton (Vaults:3)
  2 worldbinders
  5 merfolk sirens
  3 black mambas
  3 torpor snails
  8 smoke demons
  An ice statue (IceCv)
  2 gargoyles
  3 naga magi (D:15)
  5 water nymphs (Shoals:4)
  11 vault sentinels
  2 orange demons
  A human skeleton (Vaults:3)
  12 rime drakes
  3 cane toads
  2 unseen horrors
  3 tormentors
  35 yaktaurs
  2 kobold demonologists
  10 komodo dragons
  A yaktaur (shapeshifter) (Abyss:2)
  5 demonic crawlers
  4 efreet
  2 hellwings
  2 freezing wraiths
  2 tengu conjurers
  A red devil (Depths:3)
  6 ancient zymes
  A yaktaur skeleton (Vaults:3)
  10 polar bears
  A harpy zombie (Abyss:5)
  19 merfolk
  4 hornets
  4 meliai
  9 trolls
  A queen bee (D:9)
  Prince Ribbit (D:7)
  12 wind drakes
  17 raiju
  29 tarantellas
  29 slime creatures
  15 dream sheep
  13 blink frogs
  9 snapping turtles
  A dream sheep (shapeshifter) (D:15)
  13 culicivoras
  Sigmund (D:2)
  11 spriggans (Lair:6)
  2 spriggans (shapeshifter)
  17 jumping spiders
  35 starcursed masses
  5 ynoxinuls
  3 shadows
  7 wraiths
  8 air elementals
  6 wyverns
  A wyvern (shapeshifter) (Abyss:1)
  22 water elementals
  A hog (Lair:5)
  5 fire elementals
  5 basilisks
  A vampire (Abyss:1)
  8 fire bats
  49 yaks
  A yak (shapeshifter) (Abyss:1)
  A golden eye (Abyss:1)
  12 chaos spawn
  9 small abominations
  5 steam dragons
  18 large abominations
  A neqoxec (Abyss:1)
  62 redbacks
  6 wargs
  A harpy simulacrum (D:15)
  Edmund (D:4)
  5 hell hounds (Orc:1)
  An acid dragon (shapeshifter) (Depths:2)
  An acid dragon (D:13)
  2 floating eyes
  Duvessa (D:6)
  40 orc warriors
  21 water moccasins
  2 black bears (Lair:6)
  2 necrophages
  35 wolves
  11 ogres
  4 boggarts (Lair:6)
  17 centaurs
  2 phantoms
  5 kobold brigands
  5 gnoll sergeants
  4 earth elementals
  12 bullfrogs
  2 scorpions (D:4)
  A wyvern skeleton (D:5)
  Dowan (D:6)
  A water moccasin skeleton (D:4)
  36 killer bees
  4 wights (D:6)
  4 electric eels
  12 howler monkeys
  6 hounds
  A bullfrog zombie (D:6)
  A quasit (Abyss:1)
  6 centaur zombies
  3 jellies
  6 centaur skeletons
  22 orc priests
  3 bullfrog skeletons
  2 iron imps
  2 iguanas
  42 orc wizards
  Natasha (thrice) (D:3)
  A howler monkey zombie (D:11)
  9 adders
  13 gnolls
  2 shadow imps
  3 white imps
  An ufetubus (Abyss:1)
  2 worms
  3 dart slugs
  99 orcs
  2 ball pythons
  4 endoplasms
  6 giant cockroaches
  6 goblins
  5 hobgoblins
  4 jackals (D:5)
  A quokka (D:1)
  5 bats
  2 frilled lizards
  28 kobolds
  9 rats
  A bush (Lair:6)
  3 starspawn tentacles
2039 creatures vanquished.

Vanquished Creatures (collateral kills)
  A howler monkey zombie (D:9)
  4 gnolls (D:5)
  3 orcs (D:9)
8 creatures vanquished.

Vanquished Creatures (others)
  A deep elf elementalist (Elf:3)
  A yellow draconian (Zot:1)
  15 dancing weapons
  A deep elf knight (Elf:3)
  A polar bear (IceCv)
  A tarantella (Spider:4)
  An orc warrior (D:10)
  2 killer bees (D:9)
  An orc (D:10)
  65 fungi
  71 plants
  14 starspawn tentacles
174 creatures vanquished.

Grand Total: 2221 creatures vanquished

Notes
Turn   | Place    | Note
-------+----------+-------------------------------------------
     0 | D:1      | aMcNicky the Merfolk Gladiator began the quest for the Orb.
     0 | D:1      | Reached XP level 1. HP: 16/16 MP: 1/1
   240 | D:1      | Found a faded altar of an unknown god.
   383 | D:1      | Reached XP level 2. HP: 23/23 MP: 2/2
   518 | D:1      | Reached skill level 5 in Polearms
   893 | D:2      | Reached XP level 3. HP: 28/28 MP: 3/3
  1384 | D:2      | Reached XP level 4. HP: 34/34 MP: 4/4
  1494 | D:2      | Reached skill level 3 in Fighting
  1507 | D:2      | Noticed Sigmund
  1618 | D:3      | You fall into a shaft and drop 3 floors!
  1623 | D:6      | Noticed a bullfrog
  1644 | D:6      | Reached skill level 6 in Polearms
  1821 | D:6      | Noticed an orc warrior
  1832 | D:6      | Noticed Dowan
  1834 | D:6      | Noticed Duvessa
  1840 | D:5      | Entered Level 5 of the Dungeon
  1855 | D:4      | Reached XP level 5. HP: 32/41 MP: 5/5
  1985 | D:4      | Reached skill level 7 in Polearms
  2037 | D:4      | Reached XP level 6. HP: 28/48 MP: 6/6
  2205 | D:3      | Noticed Natasha
  2213 | D:3      | Killed Natasha
  2617 | D:3      | Noticed Natasha
  2622 | D:3      | Killed Natasha
  2657 | D:3      | Noticed Natasha
  2663 | D:3      | Killed Natasha
  2719 | D:3      | Noticed ma3's ghost (amateur GrCK)
  2720 | D:3      | Found a transporter.
  2721 | D:3      | Found a transporter.
  2721 | D:3      | Identified the +9 dire flail of the Desolation of Salt
                  | {vorpal, Str+6}
  2893 | D:4      | Reached skill level 8 in Polearms
  2931 | D:4      | Noticed Edmund
  2962 | D:4      | Killed Edmund
  2963 | D:4      | Reached skill level 6 in Dodging
  2963 | D:4      | Reached XP level 7. HP: 21/55 MP: 7/7
  3433 | D:5      | Found a staircase to the Ecumenical Temple.
  3447 | Temple   | Entered the Ecumenical Temple
  3595 | Temple   | Became a worshipper of Gozag Ym Sagoz the Greedy
  3730 | D:5      | Reached skill level 9 in Polearms
  4560 | D:5      | Reached skill level 10 in Polearms
  4560 | D:5      | Reached XP level 8. HP: 30/62 MP: 8/8
  5567 | D:5      | Reached skill level 11 in Polearms
  5848 | D:6      | Reached skill level 6 in Fighting
  6102 | D:6      | Reached XP level 9. HP: 57/70 MP: 9/9
  6120 | D:6      | Reached skill level 12 in Polearms
  6311 | D:6      | Killed Duvessa
  6371 | D:6      | Killed Dowan
  6582 | D:6      | Found a basalt altar of Yredelemnul.
  6586 | D:6      | Found a sparkling altar of Nemelex Xobeh.
  6639 | D:6      | Reached skill level 9 in Dodging
  6643 | D:6      | Reached skill level 13 in Polearms
  6703 | D:6      | Found a white marble altar of Elyvilon.
  7528 | D:7      | Noticed a troll
  7570 | D:6      | Found a blossoming altar of Fedhas.
  7935 | D:7      | Killed a troll
  7936 | D:7      | Reached skill level 14 in Polearms
  8132 | D:7      | Noticed Prince Ribbit
  8134 | D:7      | Killed Prince Ribbit
  8135 | D:7      | Reached XP level 10. HP: 80/80 MP: 10/10
  8136 | D:7      | Found Addom's Assorted Antiques.
  8150 | D:7      | Bought a scroll labelled COUPNU KUTUCUO for 18 gold pieces
  8150 | D:7      | Bought a brass ring for 90 gold pieces
  8150 | D:7      | Bought a scroll labelled XOTULU ASUQEKE for 18 gold pieces
  8150 | D:7      | Bought a scroll labelled COUPNU KUTUCUO for 18 gold pieces
  8150 | D:7      | Bought a scroll of identify for 36 gold pieces
  8150 | D:7      | Bought a blackened glass wand for 72 gold pieces
  8728 | D:8      | Found Wosum's Assorted Antiques.
  8747 | D:8      | Bought a scroll labelled ZOALAO PEAKK for 34 gold pieces
  8783 | D:8      | Reached skill level 1 in Armour
  9361 | D:8      | Found a staircase to the Lair.
 10250 | D:9      | Found Gutot's Distillery.
 10258 | D:9      | Bought a potion of heal wounds for 65 gold pieces
 10258 | D:9      | Bought 2 potions of curing for 78 gold pieces
 10328 | D:9      | Reached skill level 15 in Polearms
 10549 | D:9      | Found Xystia's Armour Shop.
 10642 | D:9      | Found a staircase to the Orcish Mines.
 10656 | D:9      | Reached skill level 9 in Fighting
 11049 | D:9      | Learned a level 3 spell: Frozen Ramparts
 11389 | D:9      | Reached skill level 1 in Ice Magic
 11396 | D:9      | Reached skill level 1 in Spellcasting
 11689 | D:9      | Reached XP level 11. HP: 75/89 MP: 13/13
 11888 | D:10     | Entered Level 10 of the Dungeon
 11891 | D:10     | Found an ornate altar of the Wu Jian Council.
 12528 | D:10     | Reached skill level 3 in Ice Magic
 12648 | D:10     | Found a large runed translucent door.
 12648 | D:10     | Found a large runed translucent door.
 12648 | D:10     | Noticed anonymous's ghost (journeyman NaGl)
 12649 | D:10     | Found Urac's Jewellery Shoppe.
 12654 | D:10     | Bought a +4 ring of protection for 504 gold pieces
 12654 | D:10     | Bought an amulet of regeneration for 420 gold pieces
 12826 | D:10     | Found Aqosisk's Weapon Emporium.
 12937 | D:9      | Bought a potion of curing for 39 gold pieces
 12937 | D:9      | Bought a potion of curing for 39 gold pieces
 12974 | D:10     | Found Onynovve's Jewellery Boutique.
 12999 | D:10     | Upgraded the game from 0.29-a0-97-g88c9fad16d to
                  | 0.29-a0-100-g60f898f876
 13162 | D:10     | Found a glowing silver altar of Zin.
 13349 | Lair:1   | Entered Level 1 of the Lair of Beasts
 13475 | Lair:1   | Noticed a seven-headed hydra
 13502 | Lair:1   | Killed a seven-headed hydra
 13503 | Lair:1   | Reached skill level 3 in Spellcasting
 14474 | Lair:2   | Reached skill level 3 in Armour
 14602 | Lair:2   | Reached skill level 12 in Dodging
 14818 | Lair:2   | Reached skill level 16 in Polearms
 14937 | Lair:2   | Found a hole to the Spider Nest.
 15099 | Lair:2   | Reached XP level 12. HP: 77/97 MP: 18/18
 15118 | Lair:2   | Reached skill level 6 in Ice Magic
 15285 | Lair:2   | You fall into a shaft and drop 2 floors!
 15345 | Lair:4   | Noticed a catoblepas
 15383 | Lair:4   | Killed a catoblepas
 16139 | Lair:3   | Reached skill level 17 in Polearms
 16658 | Lair:3   | Found a staircase to the Shoals.
 17625 | Lair:5   | Reached XP level 13. HP: 106/106 MP: 19/19
 18115 | Lair:5   | Noticed Kirke
 18143 | Lair:5   | Killed Kirke
 18368 | Lair:6   | Entered Level 6 of the Lair of Beasts
 18708 | D:9      | Bought +0 ice dragon scales for 900 gold pieces
 18790 | D:11     | Found Asobaim's Self-Improvement Boutique.
 18807 | D:11     | Found a frozen archway.
 18832 | IceCv    | Entered an ice cave
 19254 | IceCv    | Noticed a frost giant
 19298 | IceCv    | Killed a frost giant
 19462 | IceCv    | Reached skill level 18 in Polearms
 19492 | IceCv    | Learned a level 4 spell: Hailstorm
 19582 | IceCv    | Reached skill level 12 in Fighting
 19593 | IceCv    | Reached skill level 9 in Ice Magic
 19845 | D:11     | Reached skill level 6 in Armour
 20065 | D:11     | Reached XP level 14. HP: 93/115 MP: 18/22
 20155 | D:11     | Reached skill level 1 in Conjurations
 20429 | D:11     | Reached skill level 1 in Slings
 20477 | D:11     | Found a basalt altar of Yredelemnul.
 20477 | D:11     | Noticed Josephine
 20497 | D:11     | Killed Josephine
 20554 | D:11     | Found a shimmering blue altar of Sif Muna.
 20554 | D:11     | Found a broken altar of Ashenzari.
 20554 | D:11     | Found a broken altar of Ashenzari.
 20686 | D:11     | Reached skill level 15 in Dodging
 21012 | D:11     | Identified the +1 pair of gloves "Puschom" {*Slow Regen+
                  | Int+3}
 21227 | D:11     | Learned a level 1 spell: Apportation
 21289 | D:11     | Noticed Gastronok
 21331 | D:11     | Killed Gastronok
 21332 | D:11     | Reached skill level 6 in Spellcasting
 21543 | Orc:1    | Entered Level 1 of the Orcish Mines
 22161 | Orc:1    | You fall into a shaft and drop 1 floor!
 22161 | Orc:2    | Entered Level 2 of the Orcish Mines
 22161 | Orc:2    | Found Qiwol's Book Shop.
 22306 | Orc:2    | Noticed Jorgrun
 22458 | Orc:2    | Reached skill level 1 in Translocations
 22523 | Orc:2    | Noticed Azrael
 22777 | Orc:2    | Killed Azrael
 22932 | Orc:2    | Noticed Erolcha
 22990 | Orc:1    | Gained mutation: You are clumsy. (Dex -2) [potion of
                  | mutation]
 22990 | Orc:1    | Gained mutation: You sometimes lose the ability to read
                  | scrolls when taking damage. [potion of mutation]
 22991 | Orc:1    | Lost mutation: You sometimes lose the ability to read
                  | scrolls when taking damage. [potion of mutation]
 22991 | Orc:1    | Lost mutation: You are clumsy. (Dex -2) [potion of
                  | mutation]
 22991 | Orc:1    | Gained mutation: Your magical capacity is low. (-10% MP)
                  | [potion of mutation]
 22991 | Orc:1    | Gained mutation: Your magical capacity is very low. (-20%
                  | MP) [potion of mutation]
 22991 | Orc:1    | Gained mutation: Your body sometimes deteriorates upon
                  | taking damage. [potion of mutation]
 22992 | Orc:1    | Lost mutation: Your body sometimes deteriorates upon taking
                  | damage. [potion of mutation]
 22992 | Orc:1    | Lost mutation: Your magical capacity is very low. (-20% MP)
                  | [potion of mutation]
 22992 | Orc:1    | Gained mutation: You have a pair of small antennae on your
                  | head. [potion of mutation]
 22993 | Orc:1    | Lost mutation: You have a pair of small antennae on your
                  | head. [potion of mutation]
 22993 | Orc:1    | Lost mutation: Your magical capacity is low. (-10% MP)
                  | [potion of mutation]
 22993 | Orc:1    | Gained mutation: You passively dampen the noise of your
                  | surroundings. [potion of mutation]
 22993 | Orc:1    | Gained mutation: You are agile. (Dex +2) [potion of
                  | mutation]
 22993 | Orc:1    | Gained mutation: You are very agile. (Dex +4) [potion of
                  | mutation]
 23016 | Orc:2    | Killed Erolcha
 23315 | Orc:2    | Lost mutation: You passively dampen the noise of your
                  | surroundings. [a neqoxec]
 23328 | Orc:2    | Reached skill level 19 in Polearms
 23371 | Orc:2    | Reached XP level 15. HP: 107/122 MP: 21/24
 23813 | Orc:2    | Noticed an orc warlord
 23915 | Orc:1    | Killed an orc warlord
 24082 | Orc:2    | Found Binn's Antique Armour Boutique.
 24083 | Orc:2    | Found Eceuhop's Antique Weapon Boutique.
 24092 | Orc:2    | Found Sovycaro's General Store.
 24092 | Orc:2    | Found Pommorph's Jewellery Shop.
 24097 | Orc:2    | Bought a potion of heal wounds for 75 gold pieces
 24110 | Orc:2    | Bought a shimmering helmet for 294 gold pieces
 24110 | Orc:2    | Identified the +0 helmet of Fortitude {Dex+3} (You bought
                  | it in a shop on level 2 of the Orcish Mines)
 24123 | Orc:2    | Bought the ring of Funefusm {rPois rF+ rC+ rCorr Stlth-}
                  | for 616 gold pieces
 24380 | Orc:2    | Killed Jorgrun
 24523 | Orc:2    | Reached skill level 3 in Conjurations
 24604 | Orc:2    | Found a staircase to the Elven Halls.
 24895 | D:10     | Bought the ring of Dais Lun {rF+ rC- Will+ Int+3} for 369
                  | gold pieces
 26021 | D:13     | Reached skill level 3 in Slings
 27801 | D:14     | Found a gate to the Vaults.
 28075 | D:15     | Entered Level 15 of the Dungeon
 28075 | D:15     | Noticed Nessos
 28407 | Lair:6   | Reached XP level 16. HP: 131/131 MP: 26/26
 28584 | Lair:6   | Found a runed translucent door.
 28584 | Lair:6   | Found a viscous altar of Jiyva.
 28654 | Lair:6   | Reached skill level 20 in Polearms
 29825 | Lair:6   | Found a staircase to the Slime Pits.
 29825 | Lair:6   | Noticed an acid blob
 30093 | Lair:6   | Identified the +9 trident of Dutauxeu {freeze, *Rage rN+++}
 30565 | Orc:2    | Bought Ozocubu's Autobiography for 288 gold pieces
 30567 | Orc:2    | Bought the +0 pair of boots "Soapp" {Regen+} for 218 gold
                  | pieces
 30705 | D:7      | Bought the amulet of the Four Winds {rN+ Will+++ Clar} for
                  | 790 gold pieces
 30705 | D:7      | Found the amulet of the Four Winds {rN+ Will+++ Clar}
 30861 | Spider:1 | Entered Level 1 of the Spider Nest
 31372 | Spider:1 | You fall into a shaft and drop 1 floor!
 31927 | Spider:1 | Reached skill level 12 in Ice Magic
 32280 | Spider:2 | Noticed Frances
 32944 | Spider:2 | Killed Frances
 33302 | Spider:2 | Noticed Arachne
 33348 | Spider:2 | Killed Arachne
 33649 | Spider:2 | Noticed Agnes
 33662 | Spider:2 | Killed Agnes
 33856 | Spider:2 | Identified the +2 robe "Fuqikkem" {rCorr}
 34054 | Spider:2 | Reached XP level 17. HP: 125/140 MP: 0/28
 34877 | Spider:3 | Noticed Roxanne
 35571 | Spider:4 | Entered Level 4 of the Spider Nest
 36242 | Spider:4 | Reached skill level 21 in Polearms
 37264 | D:15     | Killed Nessos
 37531 | D:15     | Reached skill level 9 in Armour
 37567 | D:15     | Reached skill level 18 in Dodging
 37578 | D:15     | Found a staircase to the Depths.
 37637 | D:15     | Reached skill level 15 in Fighting
 38078 | D:10     | Bought a +3 glaive of protection for 248 gold pieces
 38448 | D:15     | Found Kyemueb's Distillery.
 38457 | D:15     | Bought a potion of cancellation for 128 gold pieces
 38457 | D:15     | Bought a potion of curing for 48 gold pieces
 38457 | D:15     | Bought a potion of heal wounds for 80 gold pieces
 38822 | Shoals:1 | Entered Level 1 of the Shoals
 38826 | Shoals:1 | Found Bephi Tib's Weapon Emporium.
 38848 | Shoals:1 | Found Oluck's General Store.
 38914 | Shoals:1 | Bought a scroll of enchant armour for 127 gold pieces
 38914 | Shoals:1 | Bought a scroll of identify for 34 gold pieces
 39429 | Shoals:1 | Reached XP level 18. HP: 149/149 MP: 30/30
 39673 | Shoals:1 | Found Tanimeck's Antique Weapon Emporium.
 39882 | Shoals:1 | Found Hiruvaeg's Magic Scroll Shop.
 39901 | Shoals:1 | Bought a scroll of teleportation for 54 gold pieces
 39901 | Shoals:1 | Bought a scroll of identify for 36 gold pieces
 39901 | Shoals:1 | Bought a scroll of fear for 63 gold pieces
 39901 | Shoals:1 | Bought a scroll of identify for 36 gold pieces
 39901 | Shoals:1 | Bought a scroll of teleportation for 54 gold pieces
 39979 | Shoals:1 | Found Canuots's Jewellery Shop.
 40981 | Shoals:2 | Reached skill level 6 in Conjurations
 40981 | Shoals:2 | Reached XP level 19. HP: 155/155 MP: 31/31
 41793 | Shoals:3 | Found Wiynti Wituxt's Magic Scroll Emporium.
 42644 | Shoals:4 | Entered Level 4 of the Shoals
 42644 | Shoals:4 | Found a blossoming altar of Fedhas.
 42644 | Shoals:4 | Noticed Polyphemus
 42650 | Shoals:4 | Paralysed by an air elemental for 1 turns
 42662 | Shoals:4 | Found a blossoming altar of Fedhas.
 42740 | Shoals:3 | Bought a scroll of teleportation for 60 gold pieces
 42809 | Shoals:3 | Killed Polyphemus
 43076 | Shoals:4 | Identified the +4 arbalest "Pece" {elec, rElec rC- Dex+10
                  | SInv}
 43208 | Shoals:4 | Identified the +6 short sword "Beetleslayer" {drain, SInv}
 43212 | Shoals:4 | Reached skill level 6 in Slings
 43273 | Shoals:4 | Paralysed by an air elemental for 1 turns
 43302 | Shoals:4 | Reached skill level 22 in Polearms
 43429 | Shoals:4 | Identified the +4 war axe of Amortisation {freeze, *Noise
                  | rElec rC- Dex+6}
 43571 | Shoals:4 | Got a barnacled rune of Zot
 43864 | Shoals:4 | Paralysed by an air elemental for 1 turns
 44152 | Shoals:4 | Paralysed by an air elemental for 1 turns
 44156 | Shoals:4 | Paralysed by an air elemental for 1 turns
 45738 | Spider:4 | Reached XP level 20. HP: 88/164 MP: 9/32
 45905 | Spider:4 | Got a gossamer rune of Zot
 46140 | Spider:4 | Bought a scroll of teleportation for 150 gold pieces
 46522 | Vaults:1 | Entered Level 1 of the Vaults
 47266 | Spider:4 | Bought a translucent plate armour for 1400 gold pieces
 47266 | Spider:4 | Identified the +0 plate armour of Mobeplul {Will+} (You
                  | bought it in a shop on level 4 of the Spider Nest)
 48076 | Vaults:1 | Found Licsoppo's Book Shop.
 48091 | Vaults:1 | Learned a level 7 spell: Ozocubu's Refrigeration
 48097 | Vaults:1 | Learned a level 5 spell: Freezing Cloud
 48338 | Vaults:1 | Reached skill level 1 in Evocations
 48445 | Vaults:1 | Identified a scroll of acquirement
 48445 | Vaults:1 | Acquired a +1 bardiche of flaming
 49844 | Vaults:2 | Reached XP level 21. HP: 171/171 MP: 33/33
 49905 | Vaults:2 | Reached skill level 15 in Ice Magic
 50143 | Vaults:2 | Reached skill level 3 in Evocations
 50690 | Vaults:2 | Reached skill level 23 in Polearms
 50991 | Vaults:2 | Found Puruexa's Magic Scroll Shoppe.
 50994 | Vaults:2 | Bought a scroll of teleportation for 48 gold pieces
 50994 | Vaults:2 | Bought a scroll of teleportation for 48 gold pieces
 51558 | Vaults:3 | Found a staircase to the Crypt.
 51737 | Vaults:3 | Noticed Saint Roka
 51759 | Vaults:3 | Killed Saint Roka
 51981 | Vaults:3 | Reached XP level 22. HP: 170/180 MP: 34/34
 53786 | Vaults:4 | Reached skill level 24 in Polearms
 54327 | Vaults:4 | Found Azymap's Antique Weapon Shop.
 54335 | Vaults:4 | Bought a slimy glaive for 230 gold pieces
 54335 | Vaults:4 | Identified the +5 glaive "Methus" {vorpal, Str+3} (You
                  | bought it in a shop on level 4 of the Vaults)
 54362 | Vaults:4 | Bought the +6 Majin-Bo {vamp, MP+6 Int+6} for 1484 gold
                  | pieces
 54362 | Vaults:4 | Found the +6 Majin-Bo {vamp, MP+6 Int+6}
 54797 | Vaults:4 | Identified the +0 buckler of Time Monsters {Str+2}
 55193 | Elf:1    | Entered Level 1 of the Elven Halls
 55301 | Elf:1    | Reached skill level 1 in Air Magic
 55554 | Elf:1    | Found Suluawkiob's Jewellery Emporium.
 55556 | Elf:1    | Found Giv Gapy's Assorted Antiques.
 55556 | Elf:1    | Found Eriep's Antique Armour Emporium.
 55561 | Elf:1    | Found Awnioni's Weapon Shoppe.
 55564 | Elf:1    | Bought a scroll of magic mapping for 94 gold pieces
 55581 | Elf:1    | Paralysed by an air elemental for 1 turns
 55803 | Elf:1    | Found a shimmering blue altar of Sif Muna.
 56431 | Elf:2    | Reached XP level 23. HP: 184/190 MP: 33/35
 56460 | Elf:2    | Reached skill level 6 in Evocations
 56938 | Elf:2    | Found a runed translucent gate.
 56939 | Elf:2    | Found a runed translucent gate.
 56939 | Elf:2    | Found a runed translucent gate.
 56961 | Elf:2    | Identified the +1 robe of Inference {-Cast rC+ rN+ Regen+}
 56994 | Elf:2    | Found Siwaq's Antique Armour Emporium.
 57002 | Elf:2    | Bought a runed cloak for 180 gold pieces
 57078 | Elf:3    | Entered Level 3 of the Elven Halls
 57306 | Elf:3    | Paralysed by an air elemental for 1 turns
 57520 | Elf:3    | Reached skill level 18 in Fighting
 57804 | Elf:3    | Reached skill level 3 in Air Magic
 59147 | Elf:3    | Identified the +6 mace "Ojak" {antimagic, rElec rC++ Str-3
                  | Int+2}
 59549 | Elf:3    | Identified the +7 great sword of the Doomed Warrior
                  | {protect, *Slow rPois Will+ Str+3}
 59730 | Elf:3    | Identified the +0 storm dragon scales "Kasut" {rElec Str+7}
 59919 | Elf:3    | Reached skill level 25 in Polearms
 60981 | Depths:1 | Entered Level 1 of the Depths
 61109 | Depths:1 | Found a one-way gateway to a ziggurat.
 61362 | Depths:1 | Noticed Mara
 61381 | D:15     | Reached skill level 12 in Armour
 61383 | D:15     | Reached skill level 21 in Dodging
 61785 | Depths:1 | Noticed aMcNicky's illusion
 61894 | Depths:1 | Noticed aMcNicky's illusion
 61989 | Depths:1 | Noticed aMcNicky's illusion
 62003 | D:15     | Noticed aMcNicky's illusion
 62180 | D:15     | Found a staircase to the Depths.
 62216 | D:15     | Noticed aMcNicky's illusion
 62229 | D:15     | Killed Mara
 62432 | Depths:1 | Found a gateway to Hell.
 62437 | Depths:1 | Identified the +0 rapier of Floods {drain, Fly Str+4 Dex-3
                  | SInv}
 62640 | Depths:1 | Found a sacrificial altar of Ru.
 62689 | Depths:1 | Noticed a golden dragon
 62695 | Depths:1 | Killed a golden dragon
 62997 | Depths:2 | Found a one-way gate leading to the halls of Pandemonium.
 62998 | Depths:2 | Found the +5 robe of Misfortune {Harm *Corrode *Slow EV+5}
 63239 | Depths:2 | Reached XP level 24. HP: 194/199 MP: 35/35
 63951 | Depths:2 | Got Theurgy, Part One
 64973 | Depths:3 | Reached skill level 18 in Ice Magic
 65010 | Depths:3 | Found a stormy altar of Qazlal.
 65454 | Depths:3 | Reached skill level 26 in Polearms
 65683 | Depths:3 | Identified the +8 spear of the Eternal Warrior {venom, rF+
                  | Int+4 Dex-4 SInv}
 66335 | Depths:3 | Found a burning altar of Makhleb.
 66372 | Depths:3 | Found Taczal's Antique Armour Shoppe.
 66727 | Depths:3 | Bought a scroll of holy word for 180 gold pieces
 66727 | Depths:3 | Bought a scroll of magic mapping for 84 gold pieces
 66727 | Depths:3 | Bought a scroll of silence for 180 gold pieces
 66727 | Depths:3 | Bought a scroll of blinking for 180 gold pieces
 66844 | Depths:3 | Found a one-way gate to the infinite horrors of the Abyss.
 66896 | Depths:4 | Entered Level 4 of the Depths
 67640 | Depths:4 | Found a gate to the Realm of Zot.
 67879 | Depths:4 | Paralysed by a floating eye for 4 turns
 68759 | Depths:3 | Voluntarily entered the Abyss.
 69999 | Depths:3 | Escaped the Abyss
 70107 | Depths:3 | Voluntarily entered the Abyss.
 70290 | Depths:3 | Escaped the Abyss
 70345 | Depths:3 | Voluntarily entered the Abyss.
 70345 | Abyss:1  | Found a corrupted altar of Lugonu.
 70555 | Abyss:2  | Found a corrupted altar of Lugonu.
 70654 | Abyss:2  | Noticed an ancient lich
 70804 | Abyss:5  | Entered Level 5 of the Abyss
 70841 | Abyss:5  | Reached XP level 25. HP: 178/205 MP: 7/35
 70841 | Abyss:5  | Reached XP level 26. HP: 185/212 MP: 7/35
 70841 | Abyss:5  | Got an abyssal rune of Zot
 70948 | Depths:3 | Escaped the Abyss
 71046 | Depths:3 | Bought the +1 cloak of Starlight {*Dazzle EV+4 Stlth--} for
                  | 884 gold pieces
 71046 | Depths:3 | Found the +1 cloak of Starlight {*Dazzle EV+4 Stlth--}
 71134 | Zot:1    | Entered Level 1 of the Realm of Zot
 71294 | Zot:1    | Reached XP level 27. HP: 165/223 MP: 6/35
 72300 | Zot:3    | Reached skill level 9 in Evocations
 72390 | Zot:3    | Reached skill level 27 in Polearms
 73068 | Zot:4    | Found Nohufa's CLEARANCE SALE!.
 73072 | Zot:4    | Bought a scroll of fog for 12 gold pieces
 73079 | Zot:5    | Entered Level 5 of the Realm of Zot
 73081 | Zot:5    | Found a runed translucent door.
 73083 | Zot:5    | Identified the +0 dire flail of the Leaping Ass {chaos,
                  | Str+4 Dex+4}
 73084 | Zot:5    | Found a shimmering altar of Xom.
 73084 | Zot:5    | Noticed cheburek's ghost (veteran MiFi)
 73158 | Zot:5    | Noticed an orb of fire
 73165 | Zot:5    | Gained mutation: Your natural rate of healing is unusually
                  | fast. [an orb of fire]
 73174 | Zot:5    | Gained mutation: You are dopey. (Int -2) [an orb of fire]
 73179 | Zot:5    | Lost mutation: Your natural rate of healing is unusually
                  | fast. [an orb of fire]
 73193 | Zot:5    | Killed an orb of fire
 73659 | Zot:5    | Noticed an ancient lich
 73734 | Zot:5    | Killed an ancient lich
 74051 | Zot:5    | Noticed an orb of fire
 74056 | Zot:5    | Noticed an orb of fire
 74060 | Zot:5    | Killed an orb of fire
 74063 | Zot:5    | Gained mutation: You have a pair of small horns on your
                  | head. [an orb of fire]
 74073 | Zot:5    | Gained mutation: You occasionally shout uncontrollably at
                  | your foes. [an orb of fire]
 74079 | Zot:5    | Gained mutation: Your body sometimes deteriorates upon
                  | taking damage. [an orb of fire]
 74081 | Zot:5    | Killed an orb of fire
 74320 | Zot:5    | Reached skill level 21 in Ice Magic
 74340 | Zot:5    | Noticed an ancient lich
 74371 | Zot:5    | Killed an ancient lich
 74574 | Zot:5    | Noticed an ancient lich
 74585 | Zot:5    | Killed an ancient lich
 75054 | Zot:5    | Reached skill level 21 in Fighting
 75656 | Zot:5    | Got the Orb of Zot
 75916 | Depths:1 | Noticed Woakobbon the pandemonium lord
 76099 | D:10     | Noticed Noytrued the pandemonium lord
 76163 | D:9      | Gained mutation: You tend to lose your temper in combat. [a
                  | cacodemon]
 76381 | D:2      | Killed Sigmund
 76412 | D:2      | Noticed a seraph
 76477 | D:1      | Noticed Dokohet the pandemonium lord
 76478 | D:$      | Escaped with the Orb!

Illustrated notes

Levels and vault maps discovered:
D:1:      scummos_arrival_simple_fountains, layout_rooms,
          ebering_ecumenical_altar_sacrificial, minmay_quantized
D:2:      layout_loops_cross, uniq_sigmund, uniq_crazy_yiuf_cottage
D:3:      layout_basic, gammafunk_ghost_smash, uniq_natasha
D:4:      layout_rooms, chequers_garden, uniq_edmund
D:5:      layout_loops_ring, minmay_temple_entry_glassed_door,
          serial_co_window_serial, co_window_corner_a, co_window_corner_a,
          co_window_corner_a, co_window_corner_a, co_window_paths_a,
          co_window_paths_a, co_window_paths_a, co_window_unsneaky_path_d,
          co_window_cross_2, co_window_paths_c, co_window_of_opportunity_c,
          co_window_corner_b, co_window_of_opportunity_c, co_window_4corner_a,
          glass_columns_c, glass_columns_a, glass_columns_a, glass_columns_c,
          glass_columns_c, minmay_manual_mares
D:6:      layout_loops_ring, nicolae_overflow_hidden_temple, grunt_ministairs_3,
          uniq_duvessa
D:7:      layout_loops_ring, serial_shops,
          nicolae_shop_temple_entry_statues_fountains, uniq_prince_ribbit1
D:8:      layout_cave_pools, erik_lair_island, serial_shops, shop
D:9:      layout_long_grid, hiddenorc2_lemuel, serial_shops, shop,
          nicolae_shop_window_shopping, special_room [special_room_bee]
D:10:     layout_irregular_city, zin_academy, lemuel_doored_altar, serial_shops,
          nicolae_shop_temple_entry_statues_fountains, kennysheep_little_box,
          nicolae_shop_waterfront, ebering_ghost_disaster_area
D:11:     minmay_the_grid_octo_tiled_octocenter [minmay_the_grid_octo_teeth,
          minmay_the_grid_octo_toaster, minmay_the_grid_octo_shrine,
          minmay_the_grid_octo_clover,
          minmay_the_grid_octo_prize_ultimate_mussel_roller,
          minmay_the_grid_square_5x5_bridge,
          minmay_the_grid_square_5x5_misaligned,
          minmay_the_grid_square_5x5_two_small,
          minmay_the_grid_square_5x5_three_walls], layout_loops_cross,
          portal_ice_cave_rime, nicolae_shop_self_help, uniq_gastronok,
          uniq_josephine
D:12:     layout_roguey, lemuel_flame_loot_1
D:13:     layout_gridville
D:14:     layout_layer_cave, david_vaults_1, minmay_misc_feat_iff
D:15:     grunt_enter_depths_magical_seal, layout_loops_ring, serial_shops,
          shop, uniq_nessos
Temple:   nicolae_temple_elliptical
Lair:1:   layout_hall_layers, grunt_forest_small_clearings, st_stairs_12,
          lemuel_fruit_fields, serial_bayou_shore_b, grunt_megastairs_5
Lair:2:   layout_regular_city, hellmonk_spider_entry_not_the_bees,
          chequers_serial_rivers_large_a
Lair:3:   layout_chaotic_city, minmay_shoals_entry_hut, lemuel_old_faithful,
          infiniplex_staircase_pool_2, lemuel_fruit_fields, lemuel_fruit_tree
Lair:4:   layout_roguey
Lair:5:   layout_roguey, eino_small_chamber_without_monster, uniq_kirke
Lair:6:   minmay_lair_end_enchanted_forest, layout_cellular_growth,
          slime_altar_2, minmay_lair_oklob_bushes, lemuel_fruit_fields
Shoals:1: layout_shoals, serial_shops, nicolae_lakefront_shop,
          nicolae_shop_advertising_works [nicolae_subvault_shop_adworks],
          nicolae_shop_stone, nicolae_shop_statue_plus, shop_statue
Shoals:2: layout_shoals, nicolae_shoals_lost_giant_hut
Shoals:3: layout_shoals, serial_shops, nicolae_take_the_stairs
Shoals:4: shoals_end_hellmonk_storm_palace [storm_palace_center_circular,
          storm_palace_corner_narrow, storm_palace_corner_altar,
          storm_palace_corner_altar, storm_palace_corner_grid], uniq_polyphemus
Spider:1: layout_spider_delve, hangedman_spider_tarantella_strand
Spider:2: layout_spider_delve, drop_trap, uniq_agnes, uniq_arachne, uniq_frances
Spider:3: layout_spider_delve, uniq_roxanne
Spider:4: grunt_spider_rune_parallel, guppyfry_spider_mini_2
Orc:1:    layout_diamond_mine, uniq_snorg
Orc:2:    st_orc_congregation, layout_diamond_mine, serial_shops,
          nicolae_shop_crystal, elves_outpost_lemuel, uniq_erolcha, uniq_azrael,
          uniq_jorgrun
Elf:1:    eino_elf_arrival_shootout, layout_gridlike, basic_altar,
          evilmike_minifort, minmay_shoptagon
Elf:2:    nicolae_elf_blades_crystal_corner, layout_rooms, serial_shops, shop
Elf:3:    elf_hall, layout_gridlike, minivault_11, hangedman_decor_cross_pass
Vaults:1: nicolae_vaults_sealed_display, ontoclasm_vaults_decontamination,
          nicolae_vaults_network_barrier, v_alt_pattern_5, nicolae_vaults_theta,
          nicolae_vaults_mini_display_case, vaults_room_pools,
          hangedman_vaults_capsules, v_misc_30, layout_vaults_omnigrid,
          serial_shops, shop
Vaults:2: vaults_room_door_ring, nicolae_vaults_circle_grid_a, vaults_room_grid,
          v_alt_pattern_1, ontoclasm_vaults_chip,
          nicolae_vaults_little_squares_3, v_misc_10,
          vaults_room_stairs_pillars, nicolae_vaults_gold_heap,
          hangedman_vaults_snaps, layout_vaults_big_room, serial_shops, shop
Vaults:3: minmay_crypt_entry_simple_sparse,
          nicolae_vaults_windows_and_doors_thing, st_lattice,
          vaults_room_semicircle, vaults_mumra_minichess, v_rooms_4,
          grunt_vaults_hallway_short, vaults_room_grid, hangedman_vaults_impose,
          vaults_dpeg_diagonal, nicolae_vaults_asterisk, grunt_vaults_focal,
          vaults_room_semicircle, layout_vaults_omnicross, uniq_saint_roka
Vaults:4: hangedman_vaults_corner, nicolae_vaults_stairing_the_circle,
          vaults_room_glass_cross, ontoclasm_vaults_pinch, v_misc_3,
          vaults_room_ringed_pool, v_misc_13, nicolae_vaults_big_ls,
          nicolae_vaults_shelves_hall, vaults_dpeg_doors,
          layout_vaults_maze_snakey, serial_shops, shop
Depths:1: layout_forbidden_donut, enter_ziggurat_c, minmay_misc_feat_diagonals,
          lightli_too_deep, hex_tiny, minmay_holes, minmay_misc_feat_enclosed,
          st_stairs_3, nicolae_ru_sacrificial_ziggurat, uniq_mara
Depths:2: nzn_winding_woodlands_small [nzn_winding_woodlands_5x15_cabin,
          nzn_winding_woodlands_center_lodge, nzn_winding_woodlands_5x15_pool],
          layout_honeycomb, pan_entry, hellmonk_bongcloud_opening, serial_glass,
          glass_columns_a, glass_columns_a, hell_entry
Depths:3: cheibrodos_salmonella, layout_gridlike, minmay_room_of_horrors,
          grunt_qazlal_clouds, grunt_pan_entry_sceptre, serial_shops,
          nicolae_inconvenience_store, grunt_hell_entry_dis_mu,
          makhleb_altar_promises_db
Depths:4: grunt_zot_entry_tricorne, layout_gridlike, hangedman_coc_ice_floe,
          hangedman_decor_peaks_small, nicolae_fountain_basement
Zot:1:    layout_onion_interference
Zot:2:    layout_onion_interference, st_stairs_10
Zot:3:    gammafunk_dig_for_victory, layout_cathedral_of_symmetry,
          gammafunk_ghost_cemetery, st_single_dragon_hoard_2
Zot:4:    layout_basic, nicolae_shop_clearance
Zot:5:    layout_gridlike, ebering_ghost_xom

Skill      XL: |  1  2  3  4  5  6  7  8  9 10 11 12 13 14 15 16 17 18 19 20 21 22 23 24 25 26 27 |
---------------+----------------------------------------------------------------------------------+-----
Polearms       | 5 6 7 8 10 11 14 15 16 17 18 19 20 21 22 23 24 25 26 27 | 27.0
Fighting       | 3 4 5 6 7 9 10 11 12 13 14 15 16 17 18 19 21 | 21.2
Dodging        | 5 6 7 8 10 11 12 13 14 15 16 17 18 19 20 21 22 | 22.7
Armour         | 2 3 5 6 7 8 9 11 12 13 | 13.2
Ice Magic      | 2 5 6 9 10 11 12 13 14 15 16 17 19 20 21 | 21.5
Spellcasting   | 1 4 5 6 7 8 |  8.7
Conjurations   | 2 3 4 5 6 |  6.5
Slings         | 2 3 4 5 6 7 8 |  8.0
Translocations | 1 2 |  2.0
Evocations     | 2 4 5 7 8 10 | 10.4
Air Magic      | 2 5 |  5.0
Throwing       | |  2.0

Action                   |  1- 3 |  4- 6 |  7- 9 | 10-12 | 13-15 | 16-18 | 19-21 | 22-24 | 25-27 || total
-------------------------+-------+-------+-------+-------+-------+-------+-------+-------+-------++-------
Melee: Trident           |    71 |   116 |   196 |     7 |    37 |   228 |       |       |       ||   655
       Punch             |       |     7 |     4 |       |     2 |     1 |     1 |       |       ||    15
       Halberd           |       |       |    92 |   825 |  1538 |  1378 |       |       |       ||  3833
       Tailslap          |       |       |       |     1 |     7 |     9 |    11 |    10 |       ||    38
       Glaive            |       |       |       |       |       |   215 |  1284 |  1987 |   834 ||  4320
       Short sword       |       |       |       |       |       |       |    24 |       |       ||    24
       Quarterstaff      |       |       |       |       |       |       |       |     1 |       ||     1
       Headbutt          |       |       |       |       |       |       |       |       |    91 ||    91
 Fire: Fustibalus        |       |       |       |       |    75 |   280 |       |     5 |       ||   360
Throw: Stone             |    63 |     6 |     9 |       |       |       |       |       |       ||    78
       Dart              |     5 |    16 |    10 |    25 |    13 |       |     9 |       |       ||    78
       Throwing net      |     1 |     2 |       |       |     1 |       |       |       |       ||     4
 Cast: Frozen Ramparts   |       |       |       |       |    49 |    15 |     4 |    22 |       ||    90
       Hailstorm         |       |       |       |       |       |     1 |    18 |    17 |       ||    36
       Ozocubu's Refrige |       |       |       |       |       |       |       |   129 |    42 ||   171
       Freezing Cloud    |       |       |       |       |       |       |       |    70 |     7 ||    77
       Apportation       |       |       |       |       |       |       |       |       |     5 ||     5
Invok: Potion Petition   |       |       |       |     1 |     4 |     4 |     1 |     3 |     4 ||    17
       Call Merchant     |       |       |       |       |       |     1 |     1 |     2 |     1 ||     5
Evoke: Wand              |       |       |     8 |     4 |     8 |     3 |     2 |       |     5 ||    30
       Tin of tremorston |       |       |       |       |       |     2 |       |       |       ||     2
       Condenser vane    |       |       |       |       |       |     1 |       |     1 |       ||     2
       Phial of floods   |       |       |       |       |       |       |       |       |     1 ||     1
  Use: Scroll            |     1 |     3 |     3 |     7 |     5 |    19 |     8 |     5 |    10 ||    61
       Potion            |       |       |     4 |     3 |     7 |     3 |     1 |     2 |    13 ||    33
 Stab: Sleeping          |     2 |       |     1 |       |       |       |       |       |       ||     3
       Held in net/web   |       |     1 |       |       |     1 |       |       |       |       ||     2
       Distracted        |       |       |       |     4 |    11 |    15 |    12 |    14 |     5 ||    61
       Invisible         |       |       |       |       |     3 |       |     1 |       |    23 ||    27
       Confused          |       |       |       |       |       |     3 |       |       |       ||     3
       Petrified         |       |       |       |       |       |       |     5 |       |       ||     5
Armor: Leather armour    |    10 |    12 |    11 |       |       |       |       |       |       ||    33
       Ring mail         |       |       |    33 |       |       |       |       |       |       ||    33
       Chain mail        |       |       |     2 |   272 |    26 |       |       |       |       ||   300
       Ice dragon scales |       |       |       |       |   365 |   596 |   351 |   509 |   244 ||  2065
Dodge: Dodged            |    30 |    46 |   138 |   365 |   810 |  1316 |   839 |  1368 |   723 ||  5635

Table legend: (Time is in decaauts)
 A = Elapsed time spent in this place.
 B = Non-inter-level travel time spent in this place.
 C = Inter-level travel time spent in this place.
 D = Time resting spent in this place.
 E = Time spent auto-exploring this place.
 F = Levels seen in this place.
 G = Mean time per level.
                   A        B        C        D        E       F      G
               +--------+--------+--------+--------+--------+-----+--------+
         Total |  73091 |  66965 |   6126 |  11487 |  34358 |  59 | 1238.8 |
       Dungeon |  22854 |  19728 |   3126 |   3537 |  10939 |  15 | 1523.6 |
        Temple |    183 |    122 |     61 |      0 |    106 |   1 |  183.0 |
          Lair |   7641 |   6677 |    964 |    217 |   4275 |   6 | 1273.5 |
        Shoals |   4984 |   4882 |    102 |    598 |   2547 |   4 | 1246.0 |
   Spider Nest |   7482 |   6758 |    724 |   1983 |   2571 |   4 | 1870.5 |
  Orcish Mines |   3428 |   3020 |    408 |    347 |   1385 |   2 | 1714.0 |
   Elven Halls |   5412 |   5332 |     80 |    966 |   3147 |   3 | 1804.0 |
        Vaults |   7010 |   6721 |    289 |    283 |   4438 |   4 | 1752.5 |
        Depths |   6866 |   6518 |    348 |    641 |   4604 |   4 | 1716.5 |
           Zot |   4477 |   4457 |     20 |   2216 |    113 |   5 |  895.4 |
         Abyss |   1846 |   1846 |      0 |    434 |     12 |  10 |  184.6 |
      Ice Cave |    900 |    900 |      0 |    261 |    217 |   1 |  900.0 |
               +--------+--------+--------+--------+--------+-----+--------+

Top non-repeatable levels by time:
   Elf:3: 3505 daAuts
     D:9: 3056 daAuts
Depths:3: 2540 daAuts
    D:15: 2362 daAuts
Spider:4: 2233 daAuts
Vaults:1: 2225 daAuts
   Zot:5: 2200 daAuts
Spider:1: 2183 daAuts
   Orc:2: 2154 daAuts
    D:11: 2129 daAuts
Spider:2: 2030 daAuts
     D:5: 1977 daAuts
     D:6: 1974 daAuts
  Lair:6: 1888 daAuts
Depths:4: 1829 daAuts
